 Dungeon Crawl Stone Soup version 0.30.0 (webtiles) character file.

Game seed: 15749520307230744031

220 Mysteryquy the Chopper (level 5, -5/72 HPs)
             Began as a Minotaur Berserker on May 6, 2023.
             Was a Believer of Trog.
             Slain by a gnoll
             ... wielding a +0 halberd
              (8 damage)
             ... on level 4 of the Dungeon.
             The game lasted 00:04:00 (2218 turns).

Mysteryquy the Chopper (Minotaur Berserker)         Turns: 2218, Time: 00:04:00

Health: -5/72      AC:  4    Str: 24    XL:     5   Next: 64%
Magic:  4/4        EV: 12    Int:  4    God:    Trog [**....]
Gold:   129        SH:  0    Dex:  9    Spells: 4/4 levels left

rFire   . . .        a - +0 hand axe
rCold   . . .        (no shield)
rNeg    . . .        l - +0 troll leather armour {Pargi}
rPois   .            (helmet restricted)
rElec   .            (no cloak)
rCorr   .            (no gloves)
SInv    .            (no boots)
Will    .....        (no amulet) Stlth
                     (no ring)
HPRegen 1.12/turn    (no ring)
MPRegen 0.09/turn

%: no passive effects
@: berserking, very quick
A: horns 2, retaliatory headbutt
a: Renounce Religion, Berserk, Trog's Hand


You were on level 4 of the Dungeon.
You worshipped Trog.
Trog was pleased with you.
You visited 1 branch of the dungeon, and saw 4 of its levels.

You collected 142 gold pieces.
You spent 13 gold pieces at shops.

Inventory:

Hand Weapons
 a - a +0 hand axe (weapon)
Armour
 b - a +0 animal skin
 l - a +0 troll leather armour (worn) {Pargi}
Jewellery
 q - the ring "Veskodwo" {MP+9 Stlth+}
   (You found it on level 3 of the Dungeon)

   [ring of magical power]

   MP:        It affects your magic capacity (+9).
   Stlth:     It makes you more stealthy.
Scrolls
 c - a scroll of vulnerability {unknown}
 f - 7 scrolls of identify {unknown}
 g - a scroll of enchant armour {unknown}
 m - a scroll of fog {unknown}
 p - a scroll of amnesia {unknown}
Potions
 d - 3 potions of heal wounds {unknown}
 e - a potion of resistance {unknown}
 h - a potion of lignification {unknown}
 i - 2 potions of curing {unknown}
 j - 2 potions of attraction {unknown}
 k - a potion of invisibility {unknown}
 n - a potion of degeneration
 o - a potion of brilliance {unknown}


   Skills:
 + Level 5.1 Fighting
 + Level 5.8 Axes
 + Level 2.7 Armour
 + Level 3.2 Dodging
 + Level 1.1 Stealth


You had 4 spell levels left.
You didn't know any spells.
Your spell library was empty.

Dungeon Overview and Level Annotations

Branches:
Dungeon (4/15)
 Temple: D:4-7

Altars:
Elyvilon

Shops:
D:3 !


Innate Abilities, Weirdness & Mutations

You have a pair of horns on your head.
You reflexively headbutt those who attack you in melee.


Message History

Partly explored, can't reach some places.
No target in view!
No target in view!
(D) Dungeon
Where to? (Enter - D:3 @ (x,y), ? - help)
There is a stone staircase leading down here.
You climb downwards.
Found a scroll labelled KOT RIADDU.
Found a stone staircase leading down.
There is a stone staircase leading up here.
A gnoll is nearby!
A gnoll is nearby!
The gnoll shouts!
You hear a shout!
A gnoll comes into view. It is wielding a +0 halberd.
A gnoll comes into view. It is wielding a +0 halberd.
The gnoll hits you from afar with a +0 spear.
The gnoll shouts!
The gnoll hits you with a +0 spear.
The gnoll hits you from afar with a +0 halberd!
You slash the gnoll! Your headbutt misses the gnoll.
The gnoll is severely wounded.
The gnoll hits you with a +0 spear.
The gnoll hits you from afar with a +0 halberd!
You are too injured to fight recklessly!
A red film seems to cover your vision as you go berserk!
You feel yourself moving faster!
You feel mighty!
The gnoll hits you from afar with a +0 halberd!
* * * LOW HITPOINT WARNING * * *
The gnoll misses you.
You hit the gnoll.
You kill the gnoll!
Trog accepts your kill.
The gnoll hits you from afar with a +0 halberd!
* * * LOW HITPOINT WARNING * * *
The gnoll barely misses you.
Things that are here:
a +0 spear; a gnoll corpse You slash the gnoll!
The gnoll is severely wounded.
The gnoll barely misses you. The gnoll hits you with a +0 halberd!
You die... #..########### #...gg@....<.# #..#########.# .# .# .. .# >? .#

You could see 2 gnolls.

Vanquished Creatures
  Pargi (D:3)
  Crazy Yiuf (D:2)
  A gnoll (D:4)
  3 adders
  2 worms (D:3)
  3 dart slugs
  An orc (D:3)
  A bat (D:3)
  4 endoplasms
  4 giant cockroaches
  5 goblins
  6 hobgoblins
  5 quokkas
  5 ball pythons
  6 frilled lizards
  5 kobolds
  2 rats (D:1)
55 creatures vanquished.

Vanquished Creatures (others)
  5 plants (D:3)
5 creatures vanquished.

Grand Total: 60 creatures vanquished

Notes
Turn   | Place    | Note
-------+----------+-------------------------------------------
     0 | D:1      | Mysteryquy the Minotaur Berserker began the quest for the
                  | Orb.
     0 | D:1      | Reached XP level 1. HP: 19/19 MP: 0/0
   177 | D:1      | Reached XP level 2. HP: 25/27 MP: 1/1
   731 | D:2      | Reached XP level 3. HP: 21/33 MP: 2/2
   812 | D:2      | Reached ** piety under Trog
   826 | D:2      | Found a faded altar of an unknown god.
  1200 | D:2      | Found a runed translucent door.
  1201 | D:2      | Noticed Crazy Yiuf
  1315 | D:2      | Killed Crazy Yiuf
  1316 | D:2      | Reached XP level 4. HP: 41/41 MP: 3/3
  1422 | D:3      | Reached skill level 5 in Axes
  1532 | D:3      | Noticed Pargi
  1537 | D:3      | Killed Pargi
  1538 | D:3      | Reached skill level 5 in Fighting
  1538 | D:3      | Reached skill level 1 in Stealth
  1538 | D:3      | Reached XP level 5. HP: 48/48 MP: 4/4
  1826 | D:3      | Found Igean's Distillery.
  1836 | D:3      | Bought a potion of degeneration for 13 gold pieces
  2065 | D:3      | Identified the ring "Veskodwo" {MP+9 Stlth+}
  2072 | D:3      | Found a white marble altar of Elyvilon.
  2217 | D:4      | HP: 2/72 [gnoll/+0 halberd (14)]
  2218 | D:4      | Slain by a gnoll

Illustrated notes

Levels and vault maps discovered:
D:1:      eino_arrival_water_star, layout_loops_ring
D:2:      layout_rooms, ebering_ecumenical_altar_rust,
          chequers_serial_rivers_micro_d, uniq_crazy_yiuf_cottage
D:3:      layout_loops_ring, mainiacjoe_overflow_alcove_1, serial_shops, shop,
          eino_tiny_chamber, serial_bayou_lake_a, uniq_pargi
D:4:      layout_loops_ring, serial_shops, nicolae_shop_back_alley_shop,
          chequers_serial_rivers_micro_a, serial_park_tiny_1

Skill      XL: |  1  2  3  4 |
---------------+-------------+-----
Fighting       | 4 5 |  5.1
Axes           | 4 5 |  5.8
Dodging        | 3 |  3.2
Stealth        | 1 |  1.1
Armour         | |  2.7

Action                     |  1- 3 |  4- 6 || total
---------------------------+-------+-------++-------
  Melee: Hand axe          |    72 |    40 ||   112
         Headbutt          |     9 |    10 ||    19
         Punch             |     1 |       ||     1
 Invoke: Berserk           |     1 |     2 ||     3
   Stab: Sleeping          |     1 |     1 ||     2
 Armour: Animal skin       |     7 |     4 ||    11
         Troll leather arm |       |     1 ||     1
  Dodge: Dodged            |    46 |    17 ||    63
